Map: Winter's Gate LE

Players

Mez

  • Race: Terran Terran
  • League: Master
  • Spawn Location: 11:00

A.I. 1 (Very Easy) - Winner!

  • Race: Protoss Protoss
  • Spawn Location: 5:00

VOD

Have the link to the VOD?

Description

Time

  • Played on: Sept. 4, 2019, 1:36 a.m.
  • Length: 6:05
Show
View Real Time Build Order
Export as new Build Order

Mez Terran 

Build Orders:  

Get SALT Encoding   

  12  0:00  SCV  
  13  0:13  SCV  
  14  0:18  Supply Depot  
  14  0:25  SCV  
  14  0:27  Refinery  
  15  0:39  SCV  
  16  0:45  Barracks  
  16  0:52  SCV  
  17  1:04  SCV  
  18  1:18  SCV  
  20  1:32  Reaper  
  20  1:33  Orbital Command  
  20  1:47  Command Center  
  20  1:59  SCV  
  20  2:00  Factory  
  21  2:11  SCV  
  21  2:12  Barracks Reactor  
  22  2:18  Barracks Reactor  
  22  2:23  SCV  
  23  2:49  Starport  
  23  2:58  SCV, Marine x2  
  23  3:00  Orbital Command  
  23  3:04  Hellion  
  28  3:10  SCV  
  29  3:16  Marine  
  29  3:19  Marine  
  31  3:23  SCV  
  31  3:26  Viking  
  34  3:28  Hellion  
  34  3:33  SCV  
  37  3:34  Supply Depot  
  37  3:56  SCV  
  38  4:08  Supply Depot  
  38  4:29  Barracks  
  38  4:46  Supply Depot  
  38  4:57  Supply Depot  
  38  5:04  Barracks  
  38  5:16  Supply Depot  
  38  5:29  Supply Depot  
  38  5:32  Barracks  
Show
View Real Time Build Order
Export as new Build Order

A.I. 1 (Very Easy) Protoss - Winner!

Build Orders:  

Get SALT Encoding   

  12  0:00  Probe  
  13  0:13  Probe  
  14  0:19  Pylon  
  14  0:37  Assimilator  
  14  0:42  Gateway  
  14  0:46  Pylon  
  14  1:13  Assimilator  
  14  1:22  Zealot  
  14  1:24  Probe  
  14  1:32  Probe  
  17  1:33  Cybernetics Core  
  18  1:42  Probe  
  20  1:54  Probe  
  20  2:02  Probe  
  21  2:09  Warp Gate  
  21  2:10  Probe  
  22  2:44  Stalker  
  24  4:20  Probe  
Tags
 
League
Master
Matchup
PvT
Replay Pack
Spawningtool_Mez
Spawn Locations
Cross Positions
Add a new tag
Caveats
  • Supply blocks, unpowered buildings, or Contaminate may cause inaccurate times.
  • Supply counts are checked every 10 seconds.